AoeStats
← fgallardo1993

MegaRandom

510070587Analyzed
3v3 RM · 3d ago on Sep 29, 2026· 50m 54s· 6 players
Game mode
Random Map
Map size
Normal (6 player)
Population
200
Speed
Normal
Resources
Standard
Victory
Conquest
Starting age
Dark Age
Ending age
Imperial Age
RankedLock teamsTeams togetherTeam positionsShared explorationLock speedFull tech treeHidden civsTurbo modeCheats
Victory
Defeat
🇻🇳 Portuguese · Vietnam
607
+15
🇨🇳 Magyars · China
599
+15
🇫🇷 Mongols · France
570
+16
🇺🇸 Maya · United States
692
-20
🇪🇸 Ethiopians · Spain
550
-14
🇪🇸 Romans · Spain
504
-12
UzX NeO
0:29 Loom
12:33 Feudal Age
13:53 Wheelbarrow
13:04 Town Watch
13:08 Double-Bit Axe
13:07 Horse Collar
27:16 Castle Age
25:19 Gold Mining
25:30 Stone Mining
26:11 Bloodlines
28:11 Forging
28:06 Scale Barding Armor
30:22 Gold Shaft Mining
30:02 Bow Saw
29:59 Heavy Plow
30:05 Husbandry
30:43 Iron Casting
30:29 Chain Barding Armor
30:34 Hand Cart
30:25 Town Patrol
32:30 Stone Shaft Mining
39:57 Fletching
40:07 Padded Archer Armor
43:37 Imperial Age
41:10 Nomads
41:31 Bodkin Arrow
41:51 Leather Archer Armor
45:19 Blast Furnace
44:19 Bracer
43:44 Elite Steppe Lancer
43:49 Heavy Camel Rider
43:51 Crossbowman
44:37 Thumb Ring
44:58 Parthian Tactics
46:26 Elite Skirmisher
50:27 Ballistics
50:21 Arbalester
RICH
8:12 Loom
11:01 Feudal Age
11:48 Horse Collar
12:18 Double-Bit Axe
15:22 Wheelbarrow
17:37 Bloodlines
21:16 Castle Age
20:37 Arson
22:54 Bow Saw
23:21 Caravan
25:53 Stone Mining
25:56 Gold Mining
28:38 Hand Cart
35:41 Corvinian Army
38:32 Imperial Age
39:07 Scale Barding Armor
39:02 Padded Archer Armor
38:53 Fletching
39:26 Recurve Bow
38:48 Elite Magyar Huszar
39:48 Conscription
42:14 Parthian Tactics
41:35 Treadmill Crane
42:16 Ballistics
42:57 Chemistry
42:07 Masonry
43:29 Heavy Cavalry Archer
49:39 Husbandry
50:00 Leather Archer Armor
49:40 Bodkin Arrow
50:06 Chain Barding Armor
Dragon D. Barola
12:18 Feudal Age
10:38 Loom
12:51 Man-at-Arms
13:18 Arson
13:46 Double-Bit Axe
16:15 Horse Collar
16:53 Gold Mining
16:53 Stone Mining
17:27 Town Watch
22:17 Wheelbarrow
24:45 Castle Age
25:04 Bloodlines
25:35 Caravan
26:37 Crossbowman
28:02 Bow Saw
27:35 Pikeman
33:20 Long Swordsman
33:46 Gambesons
33:25 Light Cavalry
34:06 Husbandry
35:31 Town Patrol
37:38 Forging
37:29 Scale Mail Armor
37:35 Scale Barding Armor
37:31 Padded Archer Armor
37:21 Fletching
37:50 Fortified Wall
38:21 Heavy Plow
39:32 Iron Casting
39:13 Chain Mail Armor
44:45 Imperial Age
46:30 Chemistry
46:40 Blast Furnace
46:10 Plate Mail Armor
46:01 Chain Barding Armor
45:36 Bodkin Arrow
45:57 Leather Archer Armor
46:25 Conscription
46:08 Circumnavigation
46:21 Cavalier
48:01 Guard Tower
48:34 Bombard Tower
50:20 Halberdier
50:21 Two-Handed Swordsman
Turd Ferguson
0:34 Loom
12:59 Feudal Age
17:58 Wheelbarrow
21:15 Castle Age
20:09 Gold Mining
20:07 Double-Bit Axe
20:10 Horse Collar
22:59 Bow Saw
23:49 Heavy Plow
26:47 Stone Mining
34:54 Fletching
37:34 Hand Cart
37:58 Stone Shaft Mining
37:11 Town Watch
45:31 Town Patrol
45:28 Bodkin Arrow
45:17 Treadmill Crane
45:57 Ballistics
45:49 Masonry
45:35 Murder Holes
DuplexPeak9929
0:38 Loom
12:17 Feudal Age
14:32 Scale Barding Armor
15:14 Wheelbarrow
15:36 Gold Mining
15:34 Double-Bit Axe
15:32 Horse Collar
21:11 Castle Age
19:00 Town Watch
19:45 Forging
19:36 Scale Mail Armor
20:37 Stone Mining
22:21 Heavy Plow
22:33 Bow Saw
23:03 Gold Shaft Mining
23:28 Chain Barding Armor
25:34 Hand Cart
30:46 Town Patrol
31:12 Ballistics
33:17 Ballistas
35:48 Pikeman
36:29 Squires
36:03 Man-at-Arms
39:26 Imperial Age
38:18 Chain Mail Armor
38:39 Iron Casting
40:37 Conscription
39:41 Elite Centurion
40:42 Comitatenses
39:54 Sappers
40:58 Halberdier
42:07 Caravan
43:40 Blast Furnace
44:37 Plate Barding Armor
44:08 Light Cavalry
44:52 Husbandry
45:05 Bloodlines
47:49 Long Swordsman
49:37 Chemistry
49:14 Fervor
fgallardo1993
10:29 Feudal Age
12:13 Double-Bit Axe
13:40 Horse Collar
20:52 Castle Age
21:31 Fletching
22:24 Bow Saw
22:27 Thumb Ring
23:55 Crossbowman
24:50 Heavy Plow
29:19 Wheelbarrow
30:21 Squires
30:55 Bodkin Arrow
31:26 Ballistics
32:39 Gold Mining
34:48 Stone Mining
38:01 Forging
43:18 Imperial Age
43:18 Padded Archer Armor
43:56 Iron Casting
44:36 Conscription
44:22 Halberdier
Connection lost

Rejoining the realm…

Still unreachable

The connection could not be restored.

Session expired

The server has moved on; the page needs a fresh start.